SAAA
BANGOR TRIDENT BASE OGRES @ BAGLEY LOONS
09/06/2018
 
TOP OF THE 1ST
Bangor Trident Base Ogres batting - Pitching for Bagley Loons : LHP Stanley Anderson
Pitching: LHP Stanley Anderson
Batting: RHB Júlio Castillo 0-0: Called Strike
0-1: Foul Ball, location: 2F
0-2: Ground out 4-3 (Groundball, 4M)
Batting: RHB Joe Runyon 0-0: Ground out 6-3 (Groundball, 6)
Batting: RHB Florian Cesaresco 0-0: Called Strike
0-1: Called Strike
0-2: Ground out 3-1 (Groundball, 34)
Top of the 1st over - 0 run(s), 0 hit(s), 0 error(s), 0 left on base; Bangor Trident Base 0 - Bagley 0
BOTTOM OF THE 1ST
Bagley Loons batting - Pitching for Bangor Trident Base Ogres : RHP Benjamin Baars
Pitching: RHP Benjamin Baars
Batting: RHB Adam Hennessey 0-0: Ball
1-0: Foul Ball, location: 2F
1-1: Bunt for hit - play at first, batter safe!
Batting: LHB Ralph Dunford 0-0: Fly out, F8 (Flyball, 8RS)
Batting: LHB Rafael García 0-0: Ball
1-0: Foul Ball, location: 2F
1-1: Swinging Strike
1-2: Fly out, F7 (Flyball, 78M)
Batting: SHB Noah McCarthy 0-0: Called Strike
0-1: Ball
1-1: Ball
2-1: Ball
3-1: Fly out, F3 (Popup, 3F)
Bottom of the 1st over - 0 run(s), 1 hit(s), 0 error(s), 1 left on base; Bangor Trident Base 0 - Bagley 0
TOP OF THE 2ND
Bangor Trident Base Ogres batting - Pitching for Bagley Loons : LHP Stanley Anderson
Batting: RHB Francisco Gonzáles 0-0: Ball
1-0: Swinging Strike
1-1: Fly out, F9 (Line Drive, 89S)
Batting: RHB Russell Jackson 0-0: Ball
1-0: Ball
2-0: Foul Ball, location: 2F
2-1: Ball
3-1: Base on Balls
Batting: RHB Walt Richard 0-0: Ball
1-0: Ball
2-0: Foul Ball, location: 2F
2-1: Foul Ball, location: 2F
2-2: Fly out, F8 (Flyball, 78D)
Batting: RHB Tyrone Graham 0-0: Ball
1-0: Ball
2-0: Ball
3-0: Base on Balls
Russell Jackson to second
Batting: LHB Gerald Holloway 0-0: Called Strike
0-1: Fly out, F8 (Flyball, 8RM)
Top of the 2nd over - 0 run(s), 0 hit(s), 0 error(s), 2 left on base; Bangor Trident Base 0 - Bagley 0
BOTTOM OF THE 2ND
Bagley Loons batting - Pitching for Bangor Trident Base Ogres : RHP Benjamin Baars
Batting: RHB Bill Dennis 0-0: Called Strike
0-1: Called Strike
0-2: Foul Ball, location: 2F
0-2: Fly out, F7 (Line Drive, 7M)
Batting: RHB Edward Baker 0-0: Called Strike
0-1: Ball
1-1: Fly out, F7 (Flyball, 7D)
Batting: LHB Ron Lee 0-0: Fly out, F6 (Popup, 6)
Bottom of the 2nd over - 0 run(s), 0 hit(s), 0 error(s), 0 left on base; Bangor Trident Base 0 - Bagley 0
TOP OF THE 3RD
Bangor Trident Base Ogres batting - Pitching for Bagley Loons : LHP Stanley Anderson
Batting: RHB Stan Pierce 0-0: SINGLE (Line Drive, 89M)
Batting: RHB Júlio Castillo 0-0: Ball
Stan Pierce is caught stealing 2nd base
1-0: SINGLE (Line Drive, 78S)
Batting: RHB Joe Runyon 0-0: Ball
1-0: Foul Ball, location: 2F
1-1: Foul Ball, location: 2F
1-2: Ball
2-2: Foul Ball, location: 2F
2-2: SINGLE (Groundball, 6MD)
Júlio Castillo to second
Runner from 2nd tries for 3rd, SAFE, throw made to third
Batting: RHB Florian Cesaresco 0-0: Called Strike
0-1: Foul Ball, location: 2F
0-2: Fly out, F7 (Line Drive, 7S)
Batting: RHB Francisco Gonzáles 0-0: Called Strike
0-1: Called Strike
0-2: Strikes out swinging
Top of the 3rd over - 0 run(s), 3 hit(s), 0 error(s), 2 left on base; Bangor Trident Base 0 - Bagley 0
BOTTOM OF THE 3RD
Bagley Loons batting - Pitching for Bangor Trident Base Ogres : RHP Benjamin Baars
Batting: LHB Bob Davis 0-0: Ball
1-0: SINGLE (Groundball, 4M)
Batting: RHB Bob Curry 0-0: Ball
1-0: Ball
2-0: Ball
3-0: Called Strike
3-1: Foul Ball, location: 2F
3-2: Foul Ball, location: 2F
3-2: Foul Ball, location: 2F
3-2: Base on Balls
Bob Davis to second
Batting: RHB Adam Hennessey 0-0: Swinging Strike
0-1: Ball
1-1: Swinging Strike
Passed Ball!
Bob Davis to third
Bob Curry to second
1-2: Ball
2-2: Foul Ball, location: 2F
2-2: SINGLE (Groundball, 5)
Bob Davis scores
Bob Curry to third
Runner from 3rd tries for Home, SAFE, no throw or cutoff
Batting: LHB Ralph Dunford 0-0: Called Strike
0-1: Ball
1-1: SINGLE (Line Drive, 4MD)
Adam Hennessey to second
Batting: LHB Rafael García 0-0: Ball
1-0: Called Strike
1-1: Ball
2-1: Fly out, F8 (Flyball, 8RS)
Batting: SHB Noah McCarthy 0-0: 3-RUN HOME RUN (Flyball, 89XD), Distance : 389 ft
Batting: RHB Bill Dennis 0-0: Ball
1-0: Foul Ball, location: 2F
1-1: Ground out 5-3 (Groundball, 56)
Batting: RHB Edward Baker 0-0: Called Strike
0-1: Swinging Strike
0-2: Ground out 6-3 (Groundball, 6)
Bottom of the 3rd over - 5 run(s), 4 hit(s), 0 error(s), 0 left on base; Bangor Trident Base 0 - Bagley 5
TOP OF THE 4TH
Bangor Trident Base Ogres batting - Pitching for Bagley Loons : LHP Stanley Anderson
Batting: RHB Russell Jackson 0-0: Swinging Strike
0-1: Ball
1-1: Swinging Strike
1-2: Foul Ball, location: 2F
1-2: Foul Ball, location: 2F
1-2: Ball
2-2: Foul Ball, location: 2F
2-2: Ground out 1-3 (Groundball, 15)
Batting: RHB Walt Richard 0-0: SINGLE (Groundball, 56D)
Batting: RHB Tyrone Graham 0-0: Called Strike
0-1: Called Strike
0-2: Fly out, F8 (Flyball, 8LXD)
Batting: LHB Gerald Holloway 0-0: Ball
1-0: Called Strike
1-1: Foul Ball, location: 2F
1-2: Ball
2-2: Foul Ball, location: 2F
2-2: Strikes out swinging
Top of the 4th over - 0 run(s), 1 hit(s), 0 error(s), 1 left on base; Bangor Trident Base 0 - Bagley 5
BOTTOM OF THE 4TH
Bagley Loons batting - Pitching for Bangor Trident Base Ogres : RHP Benjamin Baars
Batting: LHB Ron Lee 0-0: Ball
1-0: Ball
2-0: Ball
3-0: Called Strike
3-1: Foul Ball, location: 2F
3-2: Foul Ball, location: 2F
3-2: Foul Ball, location: 2F
3-2: Foul Ball, location: 2F
3-2: Base on Balls
Batting: LHB Bob Davis 0-0: Foul Ball, location: 2F
0-1: Ball
1-1: Ball
2-1: Foul Ball, location: 2F
2-2: Ball
3-2: Base on Balls
Ron Lee to second
Batting: RHB Bob Curry 0-0: Ball
1-0: Ball
2-0: Called Strike
2-1: Grounds into double play, 3-6-1 (Groundball, 3)
Ron Lee to third
Batting: RHB Adam Hennessey 0-0: Ball
1-0: SINGLE (Line Drive, 6MD)
Ron Lee scores
Pitching: RHP Júlio Villegas
Batting: LHB Ralph Dunford 0-0: Ball
1-0: Foul Ball, location: 2F
1-1: Swinging Strike
1-2: DOUBLE (Groundball, 5L)
Adam Hennessey to third
Runner from 3rd tries for Home, SAFE, no throw or cutoff
Batting: LHB Rafael García 0-0: Ball
1-0: 2-RUN HOME RUN (Flyball, 9D), Distance : 367 ft
Batting: SHB Noah McCarthy 0-0: Called Strike
0-1: SINGLE (Line Drive, 56D)
Batting: RHB Bill Dennis 0-0: Foul Ball, location: 2F
0-1: Ball
1-1: 2-RUN HOME RUN (Flyball, 78XD), Distance : 367 ft
Batting: RHB Edward Baker 0-0: Foul Ball, location: 2F
0-1: Ball
1-1: Ball
2-1: Called Strike
2-2: Foul Ball, location: 2F
2-2: Ground out 6-3 (Groundball, 6M)
Bottom of the 4th over - 6 run(s), 5 hit(s), 0 error(s), 0 left on base; Bangor Trident Base 0 - Bagley 11
TOP OF THE 5TH
Bangor Trident Base Ogres batting - Pitching for Bagley Loons : LHP Stanley Anderson
Batting: RHB Stan Pierce 0-0: Foul Ball, location: 2F
0-1: Ball
1-1: Swinging Strike
1-2: Ball
2-2: Foul Ball, location: 2F
2-2: Strikes out swinging
Batting: RHB Júlio Castillo 0-0: Called Strike
0-1: Ball
1-1: Ball
2-1: SINGLE (Line Drive, 6MD)
Batting: RHB Joe Runyon 0-0: Ball
1-0: Swinging Strike
Júlio Castillo is caught stealing 2nd base
1-1: DOUBLE (Line Drive, 7LS)
Batting: RHB Florian Cesaresco 0-0: Ball
1-0: Foul Ball, location: 2F
1-1: SINGLE (Groundball, 4D)
Joe Runyon to third
Runner from 3rd tries for Home, SAFE, no throw or cutoff
Batting: RHB Francisco Gonzáles 0-0: Ball
1-0: Called Strike
1-1: Ball
2-1: Ball
3-1: Base on Balls
Florian Cesaresco to second
Batting: RHB Russell Jackson 0-0: Ball
1-0: Swinging Strike
1-1: Ground out 5-3 (Groundball, 5)
Top of the 5th over - 1 run(s), 3 hit(s), 0 error(s), 2 left on base; Bangor Trident Base 1 - Bagley 11
BOTTOM OF THE 5TH
Bagley Loons batting - Pitching for Bangor Trident Base Ogres : RHP Júlio Villegas
Pitching: RHP Millard Kessler
Batting: LHB Ron Lee 0-0: Ground out 4-3 (Groundball, 4)
Batting: LHB Bob Davis 0-0: Foul Ball, location: 2F
0-1: Foul Ball, location: 2F
0-2: SINGLE (Groundball, 13) (infield hit)
Batting: RHB Bob Curry 0-0: Ball
1-0: Ball
2-0: Ball
3-0: Base on Balls
Bob Davis to second
Batting: RHB Adam Hennessey 0-0: Ball
1-0: Ball
2-0: Ball
3-0: Base on Balls
Bob Davis to third
Bob Curry to second
Batting: LHB Ralph Dunford 0-0: Ball
1-0: Foul Ball, location: 2F
1-1: Foul Ball, location: 2F
1-2: Strikes out swinging
Batting: LHB Rafael García 0-0: Ball
1-0: Ball
2-0: Called Strike
2-1: Ball
3-1: Reached on Error, E9 (Flyball, 89M)
Bob Davis scores
Bob Curry scores
Adam Hennessey to third
Batting: SHB Noah McCarthy 0-0: DOUBLE (Flyball, 89XD)
Adam Hennessey scores
Rafael García scores
Pitching: LHP Ricardo Betancourt
Batting: RHB Bill Dennis 0-0: Swinging Strike
0-1: Ball
1-1: Swinging Strike
1-2: Ground out 6-3 (Groundball, 6)
Bottom of the 5th over - 4 run(s), 2 hit(s), 1 error(s), 1 left on base; Bangor Trident Base 1 - Bagley 15
TOP OF THE 6TH
Bangor Trident Base Ogres batting - Pitching for Bagley Loons : LHP Stanley Anderson
Batting: RHB Walt Richard 0-0: Ball
1-0: SINGLE (Line Drive, 56D)
Batting: RHB Tyrone Graham 0-0: Called Strike
0-1: Ball
1-1: Ball
2-1: Ball
3-1: Base on Balls
Walt Richard to second
Batting: LHB Gerald Holloway 0-0: Ball
1-0: Swinging Strike
1-1: Ball
2-1: Swinging Strike
2-2: Foul Ball, location: 2F
2-2: Strikes out swinging
Batting: RHB Stan Pierce 0-0: Foul Ball, location: 2F
0-1: Ball
1-1: DOUBLE (Flyball, 78M)
Walt Richard scores
Tyrone Graham to third
Batting: RHB Júlio Castillo 0-0: Ball
1-0: Foul Ball, location: 2F
1-1: Foul Ball, location: 2F
1-2: Foul Ball, location: 2F
1-2: Foul Ball, location: 2F
1-2: Ball
2-2: Ball
3-2: Foul Ball, location: 2F
3-2: Ground out 5-3 (Groundball, 56)
Tyrone Graham scores
Pitching: LHP Aurelio Martínez
Batting: RHB Joe Runyon 0-0: Called Strike
0-1: Ball
1-1: Ground out 5-3 (Groundball, 56)
Top of the 6th over - 2 run(s), 2 hit(s), 0 error(s), 1 left on base; Bangor Trident Base 3 - Bagley 15
BOTTOM OF THE 6TH
Bagley Loons batting - Pitching for Bangor Trident Base Ogres : LHP Ricardo Betancourt
Batting: RHB Edward Baker 0-0: Ball
1-0: Ball
2-0: Ball
3-0: Base on Balls
Batting: LHB Ron Lee 0-0: Ball
1-0: SINGLE (Groundball, 34)
Edward Baker to second
Runner from 2nd tries for 3rd, SAFE, throw made to third
Batting: LHB Bob Davis 0-0: Ball
1-0: Ball
2-0: Called Strike
2-1: Grounds into double play, 1-4-3 (Groundball, 15S)
Batting: RHB Bob Curry 0-0: Ball
1-0: Ball
2-0: Called Strike
2-1: Foul Ball, location: 2F
2-2: Foul Ball, location: 2F
2-2: Ball
3-2: Foul Ball, location: 2F
3-2: Ground out 4-3 (Groundball, 4)
Bottom of the 6th over - 0 run(s), 1 hit(s), 0 error(s), 1 left on base; Bangor Trident Base 3 - Bagley 15
TOP OF THE 7TH
Bangor Trident Base Ogres batting - Pitching for Bagley Loons : LHP Aurelio Martínez
Batting: RHB Florian Cesaresco 0-0: Foul Ball, location: 2F
0-1: Ball
1-1: Ball
2-1: Ball
3-1: SINGLE (Line Drive, 89M)
Batting: RHB Francisco Gonzáles 0-0: Ball
1-0: Ball
2-0: DOUBLE (Flyball, 89D)
Florian Cesaresco to third
Runner from 3rd tries for Home, SAFE, throw made at trailing runner, OUT at third!
Batting: RHB Russell Jackson 0-0: Called Strike
0-1: Called Strike
0-2: Ball
1-2: Foul Ball, location: 2F
1-2: Foul Ball, location: 2F
1-2: Fly out, F7 (Flyball, 78M)
Batting: RHB Walt Richard 0-0: Ground out 3-1 (Groundball, 34)
Top of the 7th over - 1 run(s), 2 hit(s), 0 error(s), 0 left on base; Bangor Trident Base 4 - Bagley 15
BOTTOM OF THE 7TH
Bagley Loons batting - Pitching for Bangor Trident Base Ogres : LHP Ricardo Betancourt
Batting: RHB Adam Hennessey 0-0: Bunted foul
0-1: Ball
1-1: Ball
2-1: SINGLE (Groundball, 3L) (infield hit)
Batting: LHB Ralph Dunford 0-0: Ball
1-0: Swinging Strike
1-1: Foul Ball, location: 2F
1-2: Strikes out swinging
Batting: LHB Rafael García 0-0: Called Strike
0-1: Ball
1-1: Ball
2-1: Swinging Strike
2-2: Strikes out swinging
Batting: SHB Noah McCarthy 0-0: Called Strike
0-1: Ground out 1-3 (Groundball, 15)
Bottom of the 7th over - 0 run(s), 1 hit(s), 0 error(s), 1 left on base; Bangor Trident Base 4 - Bagley 15
TOP OF THE 8TH
Bangor Trident Base Ogres batting - Pitching for Bagley Loons : LHP Aurelio Martínez
Batting: RHB Tyrone Graham 0-0: Ball
1-0: Ball
2-0: Ball
3-0: Called Strike
3-1: Called Strike
3-2: Fly out, F9 (Flyball, 89D)
Batting: LHB Gerald Holloway 0-0: Swinging Strike
0-1: Foul Ball, location: 2F
0-2: Ground out 4-3 (Groundball, 4)
Batting: RHB Stan Pierce 0-0: Bunt missed!
0-1: Foul Ball, location: 2F
0-2: SINGLE (Groundball, 4MD)
Batting: RHB Júlio Castillo 0-0: Ball
1-0: Called Strike
1-1: Swinging Strike
1-2: SINGLE (Groundball, 6)
Stan Pierce to second
Batting: RHB Joe Runyon 0-0: SINGLE (Flyball, 8RS)
Stan Pierce to third
Júlio Castillo to second
Batting: RHB Florian Cesaresco 0-0: Ball
1-0: Ball
2-0: Foul Ball, location: 2F
2-1: Called Strike
2-2: Ball
3-2: Fly out, F3 (Popup, 3F)
Top of the 8th over - 0 run(s), 3 hit(s), 0 error(s), 3 left on base; Bangor Trident Base 4 - Bagley 15
BOTTOM OF THE 8TH
Bagley Loons batting - Pitching for Bangor Trident Base Ogres : LHP Ricardo Betancourt
Pitching: LHP José Guerrero
Batting: RHB Bill Dennis 0-0: Ball
1-0: Ball
2-0: Ball
3-0: Called Strike
3-1: Foul Ball, location: 2F
3-2: Strikes out looking
Batting: RHB Edward Baker 0-0: Called Strike
0-1: Foul Ball, location: 2F
0-2: SINGLE (Line Drive, 6D)
Batting: LHB Ron Lee 0-0: Ball
1-0: Ball
2-0: Ball
3-0: Called Strike
3-1: Swinging Strike
3-2: Grounds into double play, 4-6-3 (Groundball, 4)
Bottom of the 8th over - 0 run(s), 1 hit(s), 0 error(s), 0 left on base; Bangor Trident Base 4 - Bagley 15
TOP OF THE 9TH
Bangor Trident Base Ogres batting - Pitching for Bagley Loons : LHP Aurelio Martínez
Pitching: LHP Jim Unknown
Batting: RHB Francisco Gonzáles 0-0: Ball
1-0: Swinging Strike
1-1: DOUBLE (Flyball, 9S)
Batting: RHB Russell Jackson 0-0: Swinging Strike
0-1: Foul Ball, location: 2F
0-2: Ball
1-2: Ball
2-2: Ball
3-2: Base on Balls
Batting: RHB Walt Richard 0-0: Ball
1-0: Ball
2-0: Called Strike
2-1: Ball
3-1: Fly out, F9 (Flyball, 9M)
Batting: RHB Tyrone Graham 0-0: Foul Ball, location: 2F
0-1: Swinging Strike
0-2: Ball
1-2: Ball
2-2: Foul Ball, location: 2F
2-2: Strikes out swinging
Batting: LHB Gerald Holloway 0-0: Called Strike
0-1: Ball
1-1: Foul Ball, location: 2F
1-2: Foul Ball, location: 2F
1-2: Ball
2-2: Ball
3-2: Fly out, F7 (Flyball, 7M)
Top of the 9th over - 0 run(s), 1 hit(s), 0 error(s), 2 left on base; Bangor Trident Base 4 - Bagley 15
This league is powered by Out of the Park Baseball, the baseball management simulation game for PC, Mac and Linux
Monday, May 4th, 2015 - OOTP Baseball 15.6 Build 34